 Dungeon Crawl Stone Soup version 0.20.0-8-g6b59dc7 (webtiles) character file.

61 straycat the Vexing (level 3, -1/27 HPs)
             Began as a Vampire Wanderer on May 31, 2017.
             Slain by a white imp (3 damage)
             ... summoned by Natasha
             ... on level 2 of the Dungeon.
             The game lasted 00:10:43 (1489 turns).

straycat the Vexing (Vampire Wanderer)              Turns: 1489, Time: 00:10:44

Health: -1/27      AC:  5    Str: 12    XL:     3   Next: 83%
Magic:  2/8        EV: 12    Int: 13    God:
Gold:   9          SH:  0    Dex: 17    Spells: 3/10 levels left

rFire    . . .     SeeInvis +   r - +0 short sword
rCold    + . .     Gourm    .   (no shield)
rNeg     + + .     Faith    .   m - +0 leather armour
rPois    +         Spirit   .   q - +0 helmet
rElec    .         Reflect  .   (no cloak)
rCorr    .         Harm     .   (no gloves)
MR       .....                  s - +0 pair of boots
Stlth    +++.......             (no amulet)
Regen    0.1/turn               g - +3 ring of dexterity
MPRegen  0.2/turn               (no ring)

@: regenerating slowly, slowed, very slow
A: fangs 3, see invisible, unbreathing
a: Bat Form


You were on level 2 of the Dungeon.
You were thirsty.

You visited 1 branch of the dungeon, and saw 2 of its levels.

You collected 9 gold pieces.

Inventory:

Hand Weapons
 e - a +0 dagger
 r - a +0 short sword (weapon)
Missiles
 h - 14 arrows
 k - 24 stones (quivered)
 t - 14 poisoned needles
Armour
 d - a +0 robe
 m - a +0 leather armour (worn)
 q - a +0 helmet (worn)
 s - a +0 pair of boots (worn)
Jewellery
 g - a +3 ring of dexterity (left hand)
Scrolls
 i - a scroll of noise {unknown}
 n - a scroll of remove curse
 o - a scroll of enchant weapon {unknown}
 p - a scroll of teleportation {unknown}
Potions
 c - 2 potions of lignification
 f - 6 potions of blood
 j - a potion of ambrosia
 u - a potion of invisibility
Books
 a - a book of Minor Magic

   Spells                             Type                      Level
   a - Magic Dart                     Conjuration                  1
   b - Blink                          Translocation                2
   c - Call Imp                       Summoning                    2
   d - Slow                           Hexes                        2
   e - Conjure Flame                  Conjuration/Fire             3
   f - Mephitic Cloud                 Conjuration/Poison/Air       3
 b - the Reference Book on the Snowflakes

   Spells                             Type                      Level
   a - Freeze                         Ice                          1
   b - Ozocubu's Armour               Charms/Ice                   3


   Skills:
 * Level 1.8 Fighting
 - Level 1.0 Throwing
 * Level 1.9 Dodging
 * Level 3.5 Stealth
 - Level 4.0 Spellcasting
 - Level 4.4 Hexes
   Level 1.0 Poison Magic


You had 3 spell levels left.
You knew the following spells:

 Your Spells              Type           Power        Failure   Level  Hunger
a - Magic Dart            Conj           #...         26%         1    None
b - Slow                  Hex            ##......     6%          2    ##.....
c - Blink                 Tloc           N/A          36%         2    ##.....
d - Call Imp              Summ           #.......     36%         2    ##.....


Dungeon Overview and Level Annotations

Branches:
Dungeon (2/15)

Altars:
Cheibriados

Annotations:
D:2 Natasha


Innate Abilities, Weirdness & Mutations

You heal slowly.
You have razor-sharp teeth.
You have supernaturally acute eyesight. (SInv)
You can survive without breathing.


Message History

The white imp hits you but does no damage.
Natasha closely misses you.
You hit Natasha.
Natasha is heavily wounded.
The white imp barely misses you.
Natasha howls an incantation.
Natasha glows brightly for a moment.
Natasha claws you.
* * * LOW HITPOINT WARNING * * *
The white imp gestures at you. The puff of frost hits you! You resist.
* * * LOW HITPOINT WARNING * * *
Natasha closely misses you.
Unknown command.
Your crimson imp blinks!
Natasha claws you.
* * * LOW HITPOINT WARNING * * *
Your crimson imp barely misses Natasha.
Your crimson imp barely misses Natasha.
The white imp hits you.
You die...

##.≈≈≈≈≈##
#..≈≈.†≈_#
##..≈≈≈≈≈#########
#..#.≈≈≈.........#
#.#####.########.#
#.# #<# #5#
#.#####.# #.#
.....##.# ####§# #
####.##.#
##.##@###...# ##.#
#...5.......# ##.#
... #..h5.......#
....
..............##
##..
..#.#.###.##...#
#.#. #.# ....# #
#. #.# .#.# #. #.#
.#.# #. ..#


You could see Natasha, a white imp and 2 friendly crimson imps.

Vanquished Creatures
  Natasha (D:2)
  A dart slug (D:2)
  A leopard gecko (D:1)
  2 bats (D:1)
  4 giant cockroaches
  5 goblins (D:1)
  3 hobgoblins (D:1)
  3 jackals (D:1)
  5 kobolds
  A ball python (D:1)
  A frilled lizard (D:1)
  4 rats (D:1)
31 creatures vanquished.

Notes
Turn   | Place    | Note
-------+----------+-------------------------------------------
     0 | D:1      | straycat the Vampire Wanderer began the quest for the Orb.
     0 | D:1      | straycat set off with: a book of Minor Magic, the Reference Book on the Snowflakes, a potion of lignification, a +0 robe, a +0 dagger, a potion of blood
     0 | D:1      | Reached XP level 1. HP: 13/13 MP: 5/5
     0 | D:1      | Identified the Reference Book on the Snowflakes
     2 | D:1      | Learned a level 1 spell: Magic Dart
   531 | D:1      | Reached XP level 2. HP: 20/20 MP: 0/7
   535 | D:1      | Learned a level 2 spell: Slow
   569 | D:1      | Reached skill level 1 in Fighting
   957 | D:1      | Reached skill level 1 in Dodging
  1032 | D:1      | Reached XP level 3. HP: 25/26 MP: 8/8
  1202 | D:1      | Learned a level 2 spell: Blink
  1205 | D:1      | Learned a level 2 spell: Call Imp
  1360 | D:2      | Found a snail-covered altar of Cheibriados.
  1386 | D:2      | Noticed Natasha
  1398 | D:2      | Killed Natasha
  1475 | D:2      | Noticed Natasha
  1489 | D:2      | Slain by a white imp

Skill      XL: |  1  2  3 |
---------------+----------+-----
Stealth        | 2 3 |  3.5
Fighting       | 1 |  1.8
Dodging        | 1 |  1.9
Throwing       | |  1.0
Spellcasting   | |  4.0
Hexes          | |  4.4
Poison Magic   | |  1.0

Action                   || total
-------------------------++-------
Melee: Dagger            ||    39
       Bite              ||    11
       Short sword       ||    65
 Cast: Magic Dart        ||    17
       Slow              ||    18
       Call Imp          ||     2
  Use: Scroll            ||     4
       Potion            ||     2
 Stab: Sleeping          ||     6
Armor: Robe              ||     6
       Leather armour    ||    15
Dodge: Dodged            ||    62
